 Dungeon Crawl Stone Soup version 0.30-a0-613-gdd512c7efb (webtiles) character file.

Game seed: 4099653892644426959

11 jfcaron the Shield-Bearer (level 2, 0/26 HPs)
             Began as a Meteoran Fighter on Jan 8, 2023.
             Succumbed to a kobold's poison
             ... on level 1 of the Dungeon.
             The game lasted 00:01:25 (140 turns).

jfcaron the Shield-Bearer (Meteoran Fighter)         Turns: 140, Time: 00:01:25

Health: 0/26       AC:  6    Str: 14 (17) XL:     2   Next: 52%
Magic:  3/3        EV:  8    Int:  7 (9)  God:
Gold:   31         SH:  4    Dex: 12 (13) Spells: 1/1 levels left

rFire   . . .      SeeInvis .    a - +0 war axe
rCold   . . .      Faith    .    c - +0 buckler
rNeg    . . .      Spirit   .    b - +0 scale mail
rPois   .          Reflect  .    (no helmet)
rElec   .          Harm     .    (no cloak)
rCorr   .          Rampage  .    (no gloves)
Will    .....                    (no boots) Stlth
                                 (no amulet)
HPRegen 0.24/turn                (no ring)
MPRegen 0.08/turn                (no ring)

@: mighty, lethally poisoned (0 -> -4), glowing
A: sense surroundings 1, otherworldly, glowing, explore regen
a: no special abilities


You were on level 1 of the Dungeon.
You visited 1 branch of the dungeon, and saw 1 of its levels.

You collected 31 gold pieces.

Inventory:

Hand Weapons
 a - a +0 war axe (weapon)
Armour
 b - a +0 scale mail (worn)
 c - a +0 buckler (worn)


   Skills:
 - Level 3.2 Fighting
 + Level 3.5 Axes
 - Level 3.6 Armour
 - Level 3.6 Shields


You had one spell level left.
You didn't know any spells.
Your spell library was empty.

Dungeon Overview and Level Annotations

Branches:
Dungeon (1/15) Zot: 452

Altars:


Innate Abilities, Weirdness & Mutations

You passively map a small area around you.
You are easily found by Zot.
You glow in the dark.
You regain HP and MP as you explore.


Message History

A rat comes into view.
The hobgoblin hits you.
You hit the hobgoblin.
The hobgoblin is severely wounded.
You barely miss the kobold. You miss the frilled lizard.
The kobold hits you with a +0 short sword of venom.
You are poisoned.
The hobgoblin hits you but does no damage.
The endoplasm jiggles.
The frilled lizard bites you but does no damage.
You barely miss the kobold. You hit the frilled lizard.
You kill the frilled lizard!
You hit the hobgoblin.
You kill the hobgoblin!
You feel very sick. You block the kobold's attack.
The endoplasm closely misses you. The kobold hits you but does no damage.
You are lethally poisoned!
You slash the kobold!
You kill the kobold!
You hit the endoplasm.
You kill the endoplasm!
You feel very sick.
It was a potion of degeneration.
There was something very wrong with that liquid.
You feel weakened.
You feel dopey.
You feel clumsy.
* * * LOW HITPOINT WARNING * * *
You feel very sick.
You feel very mighty all of a sudden.
* * * LOW HITPOINT WARNING * * *
You feel sick.
You closely miss the rat.
* * * LOW HITPOINT WARNING * * *
You feel very sick. The rat bites you but does no damage.
You slash the rat!
You kill the rat!
* * * LOW HITPOINT WARNING * * *
You feel sick.
You die...

#............#* ,
#............# , **
* #............# ,
*, #............# ,
# ####.........## .#
*
##.........#####..##
,
#..................
*
#..........†.......
#.........)@.......
########...........
* ##..........
###........
......... ,
*........# .#####...
** .# * ... , * *


There were no monsters in sight!

Vanquished Creatures
  An endoplasm (D:1)
  A giant cockroach (D:1)
  A goblin (D:1)
  A hobgoblin (D:1)
  A kobold (D:1)
  A bat (D:1)
  3 frilled lizards (D:1)
  2 rats (D:1)
11 creatures vanquished.

Notes
Turn   | Place    | Note
-------+----------+-------------------------------------------
     0 | D:1      | jfcaron the Meteoran Fighter began the quest for the Orb.
     0 | D:1      | Reached XP level 1. HP: 19/19 MP: 2/2
   125 | D:1      | Reached XP level 2. HP: 25/26 MP: 3/3
   137 | D:1      | HP: 4/26 [poisoned by a kobold]
   138 | D:1      | HP: 1/26 [poisoned by a kobold]
   140 | D:1      | Succumbed to a kobold's poison

Illustrated notes

Levels and vault maps discovered:
D:1:      noname_arrival_rooms_in_the_neighbourhood, layout_rooms

Skill      XL: |  1 |
---------------+----+-----
Axes           | 3 |  3.5
Fighting       | |  3.2
Armour         | |  3.6
Shields        | |  3.6

Action                   || total
-------------------------++-------
Melee: War axe           ||    20
  Use: Scroll            ||     1
       Potion            ||     2
Armor: Scale mail        ||    13
Dodge: Dodged            ||    10
Block: Buckler           ||     5

Table legend: (Time is in decaauts)
 A = Elapsed time spent in this place.
 B = Non-inter-level travel time spent in this place.
 C = Inter-level travel time spent in this place.
 D = Time resting spent in this place.
 E = Time spent auto-exploring this place.
 F = Levels seen in this place.
 G = Mean time per level.
                   A        B        C        D        E       F      G
               +--------+--------+--------+--------+--------+-----+--------+
         Total |    148 |    134 |     14 |      0 |      0 |   1 |  148.0 |
       Dungeon |    148 |    134 |     14 |      0 |      0 |   1 |  148.0 |
               +--------+--------+--------+--------+--------+-----+--------+

Top non-repeatable levels by time:
     D:1: 148 daAuts

Table legend:
 A = Kills in this place as a percentage of kills in entire the game.
 B = Kills by you in this place as a percentage of kills by you in the entire game.
 C = Kills by friends in this place as a percentage of kills by friends in the entire game.
 D = Other kills in this place as a percentage of other kills in the entire game.
 E = Experience gained in this place as a percentage of experience gained in the entire game.
 F = Experience gained in this place divided by the number of levels of this place that you have seen.
                   A       B       C       D       E      F
               +-------+-------+-------+-------+-------+----------------------
         Total | 100.0 | 100.0 |   N/A |   N/A | 100.0 |  16.0
       Dungeon | 100.0 | 100.0 |   N/A |   N/A | 100.0 |  16.0
               +-------+-------+-------+-------+-------+----------------------
